 Dungeon Crawl Stone Soup version 0.28-a0-429-g1448048969 (webtiles) character file.

Game seed: 7118592540737400600

250015 robertstho the Executioner (level 18, -2/182 HPs)
             Began as a Minotaur Berserker on Sept 10, 2021.
             Was the Champion of Trog.
             Killed from afar by a deep elf zephyrmancer (6 damage)
             ... with a bolt of lightning
             ... on level 1 of the Elven Halls.
             The game lasted 01:00:04 (35081 turns).

robertstho the Executioner (Minotaur Berserker)    Turns: 35081, Time: 01:00:05

Health: -2/182     AC: 36    Str: 25    XL:     18   Next: 89%
Magic:  17/17      EV: 11    Int:  5    God:    Trog [******]
Gold:   666        SH: 27    Dex: 20    Spells: 17/17 levels left

rFire   + . .      SeeInvis .   J - +11 broad axe "Vamar" {drain, +Rage Will+ rCorr}
rCold   + + .      Faith    .   d - +8 kite shield "Elut" {Dex+5}
rNeg    . . .      Spirit   .   C - +4 plate armour {rC+}
rPois   +          Reflect  +   X - +1 hat {Stlth+}
rElec   +          Harm     .   D - scarf {repulsion}
rCorr   +          Rampage  .   g - +2 pair of gloves {Dex+3}
Will    +++..                   R - +2 pair of boots {Fly}
Stlth   ..........              r - amulet "Pojaul" {Reflect Will+ SH+5}
HPRegen 0.40/turn               K - +4 ring of protection
MPRegen 0.15/turn               W - ring of poison resistance

@: resistant, on berserk cooldown, flying, slowed, repel missiles, very slow
A: horns 2, retaliatory headbutt, weak 1
}: 2/15 runes: barnacled, gossamer
a: Renounce Religion, Evoke Berserk Rage, Berserk, Trog's Hand, Brothers in Arms


You were on level 1 of the Elven Halls.
You worshipped Trog.
Trog was exalted by your worship.
You visited 6 branches of the dungeon, and saw 32 of its levels.
You visited 1 bazaar.
You also visited: Gauntlet.

You collected 3236 gold pieces.
You spent 2570 gold pieces at shops.

Inventory:

Hand Weapons
 a - a +2 executioner's axe of flaming
 J - the +11 broad axe "Vamar" (weapon) {drain, +Rage Will+ rCorr}
   (You found it on level 12 of the Dungeon)

   A truly terrible weapon, it drains the life of any living foe it strikes.
   +Rage:     It lets you go berserk.
   rCorr:     It protects you from acid and corrosion.
   Will:      It increases your willpower.
 S - a +0 scimitar of flaming
Armour
 d - the +8 kite shield "Elut" (worn) {Dex+5}
   (You found it on level 4 of the Spider Nest)

   Dex:       It affects your dexterity (+5).
 g - a +2 pair of gloves of dexterity (worn)
 w - a +0 plate armour of fire resistance
 C - a +4 plate armour of cold resistance (worn)
 D - a scarf of repulsion (worn)
 G - the +2 shield of Resistance {rF++ rC++ Will++}
   (You bought it in a shop in a bazaar)

   rF:        It greatly protects you from fire.
   rC:        It greatly protects you from cold.
   Will:      It greatly increases your willpower.
 R - a +2 pair of boots of flying (worn)
 X - a +1 hat of stealth (worn)
Jewellery
 i - a ring of protection from cold
 p - an amulet of regeneration
 r - the amulet "Pojaul" (around neck) {Reflect Will+ SH+5}
   (You bought it in a shop on level 9 of the Dungeon)

   [amulet of reflection]

   It reflects blocked missile attacks.
   SH:        It affects your SH (+5).
   Will:      It increases your willpower.
 H - a ring of protection from cold
 K - a +4 ring of protection (left hand)
 O - the ring of Peazxaps {rN+ Str+4 SInv}
   (You found it on level 13 of the Dungeon)

   [ring of positive energy]

   Str:       It affects your strength (+4).
   rN:        It protects you from negative energy.
   SInv:      It lets you see invisible.
 W - a ring of poison resistance (right hand)
Wands
 b - a wand of acid (34)
 s - a wand of iceblast (52)
 y - a wand of mindburst (45)
 N - a wand of digging (10)
Scrolls
 c - 17 scrolls of teleportation
 e - 8 scrolls of enchant armour
 k - 8 scrolls of enchant weapon
 m - 2 scrolls of blinking
 o - 10 scrolls of magic mapping
 t - a scroll of brand weapon
 v - a scroll of silence
 z - 3 scrolls of fog
 B - 18 scrolls of identify
 E - 3 scrolls of holy word
 I - a scroll of fear
 U - 3 scrolls of immolation
Potions
 f - 6 potions of mutation
 h - 11 potions of might
 j - 3 potions of resistance
 l - 4 potions of cancellation
 n - 4 potions of attraction
 u - 15 potions of curing
 x - 2 potions of magic
 A - 5 potions of invisibility
 M - 5 potions of ambrosia
 Q - 2 potions of haste
Miscellaneous
 q - a condenser vane
 P - a lightning rod (4/4)


   Skills:
 * Level 21.2 Fighting
 + Level 21.5 Axes
 * Level 20.4 Armour
 + Level 5.2 Dodging
 + Level 2.2 Stealth
 + Level 13.0 Shields
 + Level 1.3 Evocations


You had 17 spell levels left.
You didn't know any spells.
Your spell library was empty.

Dungeon Overview and Level Annotations

Branches:
Dungeon (15/15)            Temple (0/1) D:7            Lair (6/6) D:11
 Shoals (4/4) Lair:4       Spider (4/4) Lair:4        Slime (0/5) Lair:6
    Orc (2/2) D:11            Elf (1/3) Orc:2        Vaults (0/5) D:14
 Depths (0/5) D:15        Gauntlet (visited)

Altars:
Ashenzari
Gozag
Makhleb
Qazlal
Ru
Sif Muna
Trog
Uskayaw
Wu Jian
Xom
Zin
The Shining One

Shops:
D:7 *   D:9 :=[**   D:12 =   D:13 !   Orc:2 ?=![   Shoals:2 ?:

Portals:
Pandemonium: Orc:2
Trove: D:11 (give +4 ice dragon scales)


Innate Abilities, Weirdness & Mutations

You have a pair of horns on your head.
You reflexively headbutt those who attack you in melee.
You are weak. (Str -2)


Message History

* * * LOW HITPOINT WARNING * * *
Unknown command.
You slash the deep elf high priest! You headbutt the deep elf high priest!
You kill the deep elf high priest!
Trog accepts your kill.
You hit the deep elf zephyrmancer. You drain the deep elf zephyrmancer.
You slice the deep elf pyromancer!! You drain the deep elf pyromancer!
You kill the deep elf pyromancer!
Trog accepts your kill.
Trog appreciates your killing of a magic user.
The fire elemental disappears in a puff of smoke!
You slice the deep elf zephyrmancer!!
You kill the deep elf zephyrmancer!
Trog accepts your kill.
Trog appreciates your killing of a magic user.
Unknown command.
You slam the gate shut with a bang!
A deep elf zephyrmancer opens the gate.
You slam the gate shut with a bang!
You feel a strong urge to attack something.
A deep elf zephyrmancer opens the gate.
Things that are here:
a +3 dagger; a +0 leather armour You feel your anger nearly subside.
You are no longer berserk.
You are exhausted.
You feel yourself slow down.
You see here 3 scrolls of identify.
You feel much better.
Aiming: Mindburst
Press: ? - help, Shift-Dir - straight line, f - deep elf zephyrmancer
Aim: a deep elf zephyrmancer, wielding a +3 rapier (spells empowered, chance to affect: 53%)
The deep elf zephyrmancer's mind is blasted!
The deep elf zephyrmancer casts a spell at you.
The bolt of lightning hits you!!
* * * LOW HITPOINT WARNING * * *
The bolt of lightning is repelled.
You feel protected.
The deep elf zephyrmancer gestures at you while chanting.
The bolt of lightning hits you. You resist.
You die...

######## ##..♣#≈≈###
#...##≈≈≈≈#
#).####§≈≈#
##(.#.?##≈≈#
###...'.)$##≈#
#.'...')).[#≈# ###
#.#...'e.@##≈# ..#
##.##..#.$##≈≈# #.#
#..##).####§≈≈# #.#
#.###...##≈≈≈≈#
#.#####.####..♣#≈≈###
#...(......########
############ #.# ..#
#.# #.# #.#


You could see a deep elf zephyrmancer (empowered).

Vanquished Creatures
  Nikola (Spider:3)
  Jorgrun (Shoals:1)
  Mlioglotl (Shoals:3)
  The ghost of Beorghan the Bludgeoner, an adept MiBe of Trog (Spider:4)
  Gastronok (Lair:3)
  Polyphemus (Shoals:3)
  Frances (Shoals:1)
  Donald (Orc:2)
  Ilsuiw (Shoals:3)
  The ghost of HendSelp the Bringer of Law, an adept HuFi of Zin (Shoals:4)
  4 ghost moths
  A balrug (Gauntlet)
  An orc warlord (Orc:2)
  4 emperor scorpions (Spider:4)
  Louise (Shoals:1)
  An ironbound preserver (D:14)
  4 entropy weavers
  A minotaur (Gauntlet)
  8 merfolk javelineers
  3 spark wasps
  8 merfolk impalers
  Fannar (Lair:3)
  Erolcha (D:13)
  A deep elf high priest (Elf:1)
  The ghost of mathmaestro the Grappler, a novice TrMo (Lair:1)
  6 catoblepae
  2 boulder beetles
  Harold (D:7)
  2 ogre magi
  4 merfolk aquamancers
  4 alligator snapping turtles
  7 hydras
  6 centaur warriors
  5 merfolk avatars
  8 death yaks
  5 two-headed ogres
  A tengu warrior (D:14)
  5 satyrs
  2 dancing weapons
  4 orc high priests (Orc:2)
  Sonja (D:13)
  A deep elf knight (Elf:1)
  2 skeletal warriors
  A fire crab (shapeshifter) (D:13)
  13 sea snakes
  A torturous demonspawn (Orc:2)
  A swamp dragon (Lair:5)
  2 gelid demonspawn (Orc:2)
  8 harpies
  A golden dragon skeleton (D:15)
  2 necromancers
  A phantasmal warrior (D:15)
  8 deep elf zephyrmancers (Elf:1)
  5 orc knights
  2 spectral wolf spiders (Spider:2)
  6 deep elf pyromancers
  3 wolf spider zombies (Spider:2)
  7 orc sorcerers (Orc:2)
  20 wolf spiders
  14 orb spiders
  12 manticores
  A tengu skeleton (D:15)
  2 ugly things
  11 cyclopes
  An oklob plant (Lair:6)
  4 fauns (Shoals:3)
  9 slime creatures
  Joseph (D:8)
  11 merfolk sirens
  15 elephants
  3 moths of wrath
  7 black mambas
  An ice statue (Gauntlet)
  8 water nymphs
  A guardian serpent (Lair:6)
  An orange demon (Orc:2)
  A gargoyle (D:12)
  19 cane toads
  2 torpor snails
  5 rime drakes
  6 komodo dragons
  2 efreet
  13 demonic crawlers
  A freezing wraith (D:14)
  2 red devils (Orc:2)
  10 trolls
  36 merfolk
  5 wolf spider simulacra (Spider:2)
  13 hornets
  3 meliai (Spider:1)
  27 jumping spiders
  4 wind drakes
  10 polar bears
  A blink frog (shapeshifter) (D:14)
  15 snapping turtles
  9 dream sheep
  A raiju (Lair:6)
  8 blink frogs
  15 tarantellas
  An ice dragon skeleton (D:15)
  An air elemental (Elf:1)
  A fire elemental (Elf:1)
  15 wyverns
  9 water elementals
  A wraith (D:14)
  48 redbacks
  28 yaks
  Grum (Lair:1)
  4 fire bats (D:8)
  7 basilisks
  A neqoxec (Orc:2)
  3 steam dragons
  10 wargs
  10 vampire mosquitoes
  2 acid dragons
  24 water moccasins
  A tengu zombie (D:15)
  16 hell hounds
  4 sky beasts
  30 orc warriors
  A swamp drake (Lair:5)
  A necrophage (D:5)
  11 black bears (Lair:6)
  7 ogres
  31 wolves
  2 centaurs
  13 bullfrogs
  4 scorpions
  A wyvern skeleton (D:6)
  A water moccasin skeleton (D:5)
  4 killer bees (D:11)
  7 electric eels
  5 howler monkeys
  3 wights (D:8)
  3 centaur zombies
  A bullfrog zombie (D:6)
  3 hounds
  4 jellies
  A centaur skeleton (D:6)
  20 orc priests
  2 gnoll shamans
  A bullfrog skeleton (D:5)
  5 iguanas
  15 orc wizards
  7 hell rats (Lair:6)
  2 killer bee zombies
  2 howler monkey zombies
  10 gnolls
  7 adders
  2 shadow imps
  A white imp (D:7)
  2 ufetubi
  A worm (D:2)
  3 dart slugs
  49 orcs
  2 bats
  9 endoplasms
  3 giant cockroaches
  6 goblins
  7 hobgoblins
  4 quokkas
  6 ball pythons
  6 frilled lizards
  6 kobolds
  2 rats
1007 creatures vanquished.

Vanquished Creatures (collateral kills)
  An emperor scorpion (Spider:4)
  2 entropy weavers
  A hydra (D:11)
  A catoblepas (Shoals:2)
  A merfolk avatar (Shoals:4)
  A skeletal warrior (D:15)
  A sea snake (Shoals:4)
  2 deep elf pyromancers (Elf:1)
  2 wolf spiders (Spider:4)
  2 manticores (Shoals:2)
  2 demonic crawlers
  2 hornets (Spider:4)
  A jumping spider (Spider:4)
  A snapping turtle (Shoals:4)
  A tarantella (Spider:4)
  7 redbacks
  3 orc warriors (Orc:2)
  A gnoll sergeant (D:11)
  2 orc priests (Orc:2)
  5 gnolls (D:11)
39 creatures vanquished.

Vanquished Creatures (others)
  A merfolk aquamancer (Shoals:4)
  A wolf spider (Spider:3)
  A manticore (Shoals:4)
  A tarantella (Spider:3)
  A wyvern (Lair:6)
  A water elemental (Elf:1)
  An orc priest (Orc:2)
  2 fire vortices (D:8)
  33 fungi
  115 plants
  2 withered plants (D:15)
159 creatures vanquished.

Grand Total: 1205 creatures vanquished

Notes
Turn   | Place    | Note
-------+----------+-------------------------------------------
     0 | D:1      | robertstho the Minotaur Berserker began the quest for the
                  | Orb.
     0 | D:1      | Reached XP level 1. HP: 19/19 MP: 0/0
   405 | D:1      | Reached XP level 2. HP: 27/27 MP: 1/1
   570 | D:1      | Found a faded altar of an unknown god.
  1023 | D:2      | Reached XP level 3. HP: 33/34 MP: 2/2
  1044 | D:2      | Reached ** piety under Trog
  1611 | D:2      | Reached XP level 4. HP: 39/41 MP: 3/3
  2257 | D:3      | Found a sacrificial altar of Ru.
  2257 | D:3      | Found a glowing silver altar of Zin.
  2264 | D:3      | Found a faded altar of an unknown god.
  2266 | D:3      | Found a faded altar of an unknown god.
  2268 | D:3      | Found an opulent altar of Gozag.
  2316 | D:3      | Found a glowing golden altar of the Shining One.
  2812 | D:4      | Reached XP level 5. HP: 24/47 MP: 4/4
  2813 | D:4      | Reached skill level 5 in Fighting
  3083 | D:4      | Reached XP level 6. HP: 46/56 MP: 5/5
  3090 | D:4      | Reached skill level 5 in Armour
  3342 | D:4      | Reached skill level 5 in Axes
  3348 | D:4      | Reached skill level 1 in Shields
  3353 | D:4      | Found a bloodstained altar of Trog.
  3618 | D:4      | You fall into a shaft and drop 1 floor!
  3618 | D:5      | Entered Level 5 of the Dungeon
  3622 | D:5      | Noticed a sky beast
  3623 | D:5      | Reached *** piety under Trog
  3635 | D:5      | Killed a sky beast
  3636 | D:5      | Reached XP level 7. HP: 62/62 MP: 6/6
  4487 | D:5      | Found a hide-covered altar of Uskayaw.
  4518 | D:5      | Reached XP level 8. HP: 70/70 MP: 7/7
  5475 | D:6      | Found a shimmering altar of Xom.
  5975 | D:7      | Noticed Harold
  5989 | D:7      | Killed Harold
  5990 | D:7      | Reached XP level 9. HP: 21/79 MP: 8/8
  6304 | D:7      | Reached skill level 10 in Armour
  6750 | D:7      | Found Poiziarch's CLEARANCE SALE!.
  6758 | D:7      | Bought a scroll of silence for 30 gold pieces
  6758 | D:7      | Bought a wand of acid (10) for 112 gold pieces
  6758 | D:7      | Bought a scroll of teleportation for 12 gold pieces
  6992 | D:7      | Found a staircase to the Ecumenical Temple.
  7207 | D:8      | Noticed Joseph
  7226 | D:8      | Killed Joseph
  7380 | D:8      | Reached **** piety under Trog
  7381 | D:8      | Reached skill level 5 in Shields
  7387 | D:8      | Reached XP level 10. HP: 48/89 MP: 9/9
  7499 | D:8      | Found a broken altar of Ashenzari.
  7906 | D:9      | Found an ornate altar of the Wu Jian Council.
  8089 | D:9      | Reached skill level 10 in Axes
  8099 | D:9      | Found Qudyrch's Jewellery Emporium.
  8182 | D:9      | Found Vilaf's Book Shoppe.
  8266 | D:9      | Found a shimmering blue altar of Sif Muna.
  8323 | D:9      | Found Vomeoh's General Store.
  8343 | D:9      | Bought a potion of cancellation for 96 gold pieces
  8343 | D:9      | Bought a potion of berserk rage for 60 gold pieces
  8343 | D:9      | Bought a potion of flight for 36 gold pieces
  8343 | D:9      | Bought a potion of curing for 36 gold pieces
  8413 | D:9      | Found Ceichu's Assorted Antiques.
  8431 | D:9      | Bought a scroll of identify for 48 gold pieces
  8564 | D:9      | Found Vutiba Paug's Armour Boutique.
  8680 | D:10     | Entered Level 10 of the Dungeon
  8825 | D:10     | Reached skill level 10 in Fighting
  8832 | D:10     | Reached XP level 11. HP: 100/100 MP: 10/10
  8844 | D:10     | Reached ***** piety under Trog
  8977 | D:10     | Found a burning altar of Makhleb.
  9089 | D:10     | Found a stormy altar of Qazlal.
  9327 | D:11     | Found a portal to a secret trove of treasure.
  9351 | D:11     | Noticed a four-headed hydra
  9358 | D:11     | Killed a four-headed hydra
  9569 | D:11     | Found a staircase to the Lair.
  9585 | D:11     | Noticed a two-headed ogre
  9587 | D:11     | Noticed a white ugly thing
  9593 | D:11     | Killed a two-headed ogre
  9599 | D:11     | Killed a white ugly thing
  9891 | D:11     | Found a staircase to the Orcish Mines.
 10701 | D:12     | Identified the +11 broad axe "Vamar" {drain, +Rage Will+
                  | rCorr}
 10724 | D:12     | Noticed a purple ugly thing
 10728 | D:12     | Received a gift from Trog
 10731 | D:12     | Killed a purple ugly thing
 11004 | D:12     | Found Kaotiklooj's Jewellery Boutique.
 11111 | D:12     | Reached XP level 12. HP: 85/111 MP: 11/11
 11263 | D:13     | Noticed a catoblepas
 11343 | D:13     | Noticed Sonja
 11349 | D:13     | Killed Sonja
 11429 | D:13     | Noticed a centaur warrior
 11430 | D:13     | Noticed a boulder beetle
 11536 | D:13     | Found Lyzu's Distillery.
 11578 | D:13     | Bought a potion of brilliance for 68 gold pieces
 11578 | D:13     | Bought a potion of ambrosia for 136 gold pieces
 11614 | D:13     | Killed a catoblepas
 11649 | D:13     | Noticed a seven-headed hydra
 11658 | D:13     | Killed a nine-headed hydra
 11673 | D:13     | Noticed a two-headed ogre
 11674 | D:13     | Noticed an ogre mage
 11678 | D:13     | Killed a two-headed ogre
 11679 | D:13     | Killed an ogre mage
 11713 | D:13     | Killed a centaur warrior
 11747 | D:13     | Noticed Erolcha
 11760 | D:13     | Killed a boulder beetle
 11767 | D:13     | Killed Erolcha
 11768 | D:13     | Reached skill level 1 in Evocations
 11891 | D:13     | Identified the ring of Peazxaps {rN+ Str+4 SInv}
 11991 | D:13     | Noticed a centaur warrior
 11998 | D:13     | Killed a centaur warrior
 12224 | D:14     | Noticed a centaur warrior
 12229 | D:14     | Killed a centaur warrior
 12485 | D:14     | Noticed a centaur warrior
 12494 | D:14     | Noticed an ironbound preserver
 12496 | D:14     | Noticed a tengu warrior
 12497 | D:14     | Found a gate to the Vaults.
 12506 | D:14     | Killed a centaur warrior
 12507 | D:14     | Killed an ironbound preserver
 12513 | D:14     | Killed a tengu warrior
 12544 | D:14     | Noticed a centaur warrior
 12553 | D:14     | Killed a centaur warrior
 12554 | D:14     | Reached XP level 13. HP: 85/122 MP: 12/12
 12732 | D:14     | Reached skill level 15 in Armour
 13130 | D:15     | Entered Level 15 of the Dungeon
 13203 | D:15     | Found a staircase to the Depths.
 14131 | Orc:1    | Entered Level 1 of the Orcish Mines
 14277 | Orc:2    | Entered Level 2 of the Orcish Mines
 14288 | Orc:2    | Noticed Donald
 14299 | Orc:2    | Killed Donald
 14326 | Orc:1    | Identified a scroll of acquirement
 14328 | Orc:1    | Acquired a +2 pair of gloves of dexterity
 14605 | Orc:2    | Found a staircase to the Elven Halls.
 14662 | Orc:2    | Found Nanwuvvo's Magic Scroll Boutique.
 14666 | Orc:2    | Found Guloc's Distillery.
 14677 | Orc:2    | Reached skill level 15 in Axes
 14748 | Orc:2    | Bought a scroll of teleportation for 54 gold pieces
 14748 | Orc:2    | Bought a scroll of identify for 36 gold pieces
 14748 | Orc:2    | Bought a scroll of identify for 36 gold pieces
 14748 | Orc:2    | Bought a scroll of identify for 36 gold pieces
 14748 | Orc:2    | Bought 2 scrolls of identify for 72 gold pieces
 14755 | Orc:2    | Bought a potion of invisibility for 104 gold pieces
 14755 | Orc:2    | Bought a potion of curing for 39 gold pieces
 14755 | Orc:2    | Bought a potion of curing for 39 gold pieces
 14755 | Orc:2    | Bought a potion of curing for 39 gold pieces
 14755 | Orc:2    | Bought a potion of invisibility for 104 gold pieces
 14915 | Orc:2    | Received a gift from Trog
 14918 | Orc:2    | Reached XP level 14. HP: 133/133 MP: 13/13
 14935 | Orc:2    | Gained mutation: You are weak. (Str -2) [a neqoxec]
 14943 | Orc:2    | Reached skill level 10 in Shields
 14992 | Orc:2    | Reached skill level 15 in Fighting
 15060 | Orc:2    | Found Jyoraati's Jewellery Emporium.
 15060 | Orc:2    | Found Abliris's Antique Armour Shoppe.
 15061 | Orc:2    | Found a one-way gate leading to the halls of Pandemonium.
 15067 | Orc:2    | Paralysed by an orc sorcerer for 3 turns
 15299 | Orc:2    | Noticed an orc warlord
 15319 | Orc:2    | Killed an orc warlord
 16006 | Lair:1   | Entered Level 1 of the Lair of Beasts
 16029 | Lair:1   | You fall into a shaft and drop 1 floor!
 16126 | Lair:2   | Found a gate leading to a gauntlet.
 16138 | Gauntlet | Entered a Gauntlet
 16138 | Gauntlet | Found a transporter.
 16138 | Gauntlet | Found a transporter.
 16138 | Gauntlet | Found a transporter.
 16160 | Gauntlet | Found a transporter.
 16166 | Gauntlet | Found a transporter.
 16171 | Gauntlet | Found a transporter.
 16174 | Gauntlet | Found a transporter.
 16182 | Gauntlet | Found a transporter.
 16200 | Gauntlet | Found a transporter.
 16203 | Gauntlet | Noticed a balrug
 16217 | Gauntlet | Found a transporter.
 16220 | Gauntlet | Found a transporter.
 16231 | Gauntlet | Found a transporter.
 16347 | Gauntlet | Received a gift from Trog
 16375 | Gauntlet | Killed a balrug
 17335 | Lair:1   | Noticed mathmaestro's ghost (novice TrMo)
 17336 | Lair:1   | Found a runed translucent gate.
 17336 | Lair:1   | Found a runed translucent gate.
 17336 | Lair:1   | Found a runed translucent gate.
 17480 | Lair:1   | Noticed Grum
 17493 | Lair:1   | Killed Grum
 18101 | Lair:1   | Killed mathmaestro's ghost
 18212 | Lair:3   | Noticed Fannar
 18218 | Lair:3   | Killed Fannar
 18219 | Lair:3   | Reached skill level 1 in Stealth
 18401 | Lair:3   | Noticed Gastronok
 18413 | Lair:3   | Killed Gastronok
 18494 | Lair:3   | Reached XP level 15. HP: 111/144 MP: 14/14
 19241 | Lair:4   | Identified the +3 battleaxe of Ygyruk {flame, rPois rC+
                  | Str+2} (Trog gifted it to you on level 4 of the Lair of
                  | Beasts)
 19241 | Lair:4   | Received a gift from Trog
 19257 | Lair:4   | Found a hole to the Spider Nest.
 19678 | Lair:4   | Found a staircase to the Shoals.
 20091 | Lair:5   | HP: 4/146 [poison (poison gas)]
 21070 | Lair:6   | Entered Level 6 of the Lair of Beasts
 21233 | Lair:6   | Received a gift from Trog
 21533 | Lair:6   | Found a staircase to the Slime Pits.
 22207 | Lair:6   | Received a gift from Trog
 22338 | Lair:6   | Reached ****** piety under Trog
 22685 | Spider:1 | Entered Level 1 of the Spider Nest
 22688 | Spider:1 | Reached XP level 16. HP: 135/155 MP: 15/15
 22817 | Spider:1 | You are sucked into a shaft and drop 1 floor!
 23202 | Spider:2 | Received a gift from Trog
 23454 | Spider:2 | Noticed Nikola
 24559 | Spider:3 | Killed Nikola
 25354 | Spider:4 | Entered Level 4 of the Spider Nest
 25506 | Spider:4 | Reached skill level 5 in Dodging
 25706 | Spider:4 | Reached XP level 17. HP: 127/166 MP: 0/16
 26256 | Spider:4 | Received a gift from Trog
 26483 | Spider:4 | Got a gossamer rune of Zot
 26564 | Spider:4 | Found a runed translucent door.
 26565 | Spider:4 | Noticed Beorghan's ghost (adept MiBe)
 26891 | Spider:4 | Killed Beorghan's ghost
 26897 | Spider:4 | Identified the +8 kite shield "Elut" {Dex+5}
 27122 | D:9      | Bought the amulet "Pojaul" {Reflect Will+ SH+5} for 596
                  | gold pieces
 27274 | Shoals:1 | Entered Level 1 of the Shoals
 27278 | Shoals:1 | Noticed Louise
 27296 | Shoals:1 | Killed Louise
 27422 | Shoals:1 | Noticed Frances
 27434 | Shoals:1 | Killed Frances
 27719 | Shoals:1 | Noticed Jorgrun
 27728 | Shoals:1 | Killed Jorgrun
 28354 | Shoals:2 | Found Faesinet's Book Emporium.
 28406 | Shoals:2 | Found a flickering gateway to a bazaar.
 28418 | Bazaar   | Entered a bazaar
 28539 | Bazaar   | Found Cake's Weapon Emporium.
 28540 | Bazaar   | Found Rooshr Uhiff's General Store.
 28583 | Bazaar   | Found Sumasack's Book Shoppe.
 28583 | Bazaar   | Found Wimnaacw's Antique Armour Shoppe.
 28625 | Bazaar   | Bought a scroll of enchant armour for 67 gold pieces
 28625 | Bazaar   | Bought the +2 shield of Resistance {rF++ rC++ Will++} for
                  | 584 gold pieces
 28625 | Bazaar   | Found the +2 shield of Resistance {rF++ rC++ Will++}
 28770 | Shoals:2 | Found Luloq's Magic Scroll Shop.
 28779 | Shoals:2 | Bought a scroll of teleportation for 60 gold pieces
 28779 | Shoals:2 | Bought a scroll of fear for 70 gold pieces
 28913 | Shoals:2 | Identified the +3 ring mail "Bitebry" {rElec rN+}
 28934 | Shoals:2 | Received a gift from Trog
 29903 | Shoals:3 | Noticed Mlioglotl
 29914 | Shoals:3 | Noticed a bone dragon
 29914 | Shoals:3 | Killed Mlioglotl
 30269 | Shoals:3 | Noticed Ilsuiw
 30270 | Shoals:3 | Noticed Polyphemus
 30643 | Shoals:3 | Killed Polyphemus
 30644 | Shoals:3 | Reached XP level 18. HP: 178/178 MP: 17/17
 30680 | Shoals:3 | Killed Ilsuiw
 30880 | Shoals:3 | Received a gift from Trog
 31547 | Shoals:4 | Entered Level 4 of the Shoals
 32233 | Shoals:4 | Found a runed translucent door.
 32233 | Shoals:4 | Found a shimmering altar of Xom.
 32233 | Shoals:4 | Noticed HendSelp's ghost (adept HuFi)
 32233 | Shoals:4 | Found the +8 trident of the Octopus King {venom, rElec
                  | rPois Will+}
 32233 | Shoals:4 | Identified the +8 great mace of Taxation {chaos, Drain
                  | Dex+5 SInv}
 32274 | Shoals:4 | Received a gift from Trog
 33172 | Shoals:4 | Identified the +6 war axe "Kuosuupn" {vorpal, Str+4 Stlth+}
                  | (Trog gifted it to you on level 4 of the Shoals)
 33172 | Shoals:4 | Received a gift from Trog
 33818 | Shoals:4 | Got a barnacled rune of Zot
 33931 | Shoals:4 | Killed HendSelp's ghost
 34227 | Elf:1    | Entered Level 1 of the Elven Halls
 35072 | Elf:1    | HP: 12/273 [deep elf high priest/divine providence (12)]
 35080 | Elf:1    | HP: 3/182 [deep elf zephyrmancer/bolt of lightning (28)]
 35081 | Elf:1    | Killed from afar by a deep elf zephyrmancer

Illustrated notes

Levels and vault maps discovered:
D:1:      dpeg_arrival_three_same_balls, layout_loops_ring,
          ebering_ecumenical_altar_box, corexii_leaking_fountain,
          minmay_close_crescents
D:2:      layout_basic, kennysheep_doodads
D:3:      layout_loops_ring, nicolae_tso_carved_into_rock,
          chequers_temple_overflow_minitemple, st_stairs_8,
          serial_bayou_lagoon_a, minmay_misc_feat_plants,
          mrwooster_statue_mirror
D:4:      layout_rooms, mainiacjoe_overflow_brackets
D:5:      layout_layer_cave, nicolae_uskayaw_murder_on_the_dancefloor,
          serial_bayou_ford_a
D:6:      layout_basic, xom_butterflies, lemuel_another_geyser
D:7:      layout_basic, minmay_temple_entry_enclosed_plants,
          nicolae_shop_clearance, uniq_harold
D:8:      layout_basic, lemuel_tele_altar, hangedman_incinerator, uniq_joseph
D:9:      layout_loops_ring, mainiacjoe_overflow_concentric_impassable,
          lemuel_round_altar, serial_shops, nicolae_shop_crystal,
          nicolae_shop_competitors_out_of_business, shop,
          nicolae_shop_statue_plus, kennysheep_mini, serial_glass,
          glass_columns_a, glass_columns_a
D:10:     layout_rooms, mainiacjoe_overflow_alcove_2, lemuel_round_altar,
          serial_glass, glass_columns_a, glass_columns_a
D:11:     layout_loops_corners, lair_entry_dummy, david_orc_1_choice,
          nicolae_trove_entry_crossroad
D:12:     layout_basic, serial_shops, nicolae_shop_behind_doors
D:13:     minmay_wavy_crystal, layout_basic, serial_shops, shop, uniq_sonja,
          uniq_erolcha
D:14:     layout_irregular_city, skrybe_vaults_entry_preservation
D:15:     gammafunk_depths_entry_grave, layout_irregular_city
Lair:1:   gammafunk_indiana_jones, layout_regular_city, gammafunk_ghost_split,
          infiniplex_staircase_pool, serial_bayou_shore_b, uniq_grum
Lair:2:   layout_regular_city, gauntlet_entry_generic, serial_bayou_lagoon_b
Lair:3:   layout_cave_pods, st_stairs_5, serial_bayou_lake_a,
          grunt_megastairs_3, serial_bayou_shore_b, infiniplex_staircase_pool_2,
          serial_bayou_shore_a, uniq_gastronok, uniq_fannar
Lair:4:   layout_loops_ring, elwin_shoals_entry_rocks,
          spider_nest_entry_web_field
Lair:5:   layout_layer_cave, nicolae_quartered_pool_medium, pond,
          lemuel_fruit_tree
Lair:6:   hangedman_lair_caniforms_friends, layout_cave_pods,
          hangedman_lair_tendril_chambers, nicolae_slime_entry_slimehenge
Shoals:1: layout_shoals, uniq_jorgrun, uniq_louise, uniq_frances
Shoals:2: nzn_motion_control, layout_shoals, serial_shops, bzr_entry_lakeside,
          shop, shop, hangedman_shoals_cup_caves
Shoals:3: layout_shoals, uniq_polyphemus, uniq_ilsuiw, uniq_mlioglotl
Shoals:4: shoals_end_hangedman, layout_shoals, shoals_ilsuiw_ice,
          ebering_ghost_xom
Spider:1: layout_spider_delve
Spider:2: layout_spider_delve, nicolae_spider_undead_wolf_pack, uniq_nikola
Spider:3: layout_spider_delve
Spider:4: guppyfry_spider_rune, ebering_ghost_reflecting_pool
Orc:1:    layout_caves
Orc:2:    pf_orc_diabolical, layout_diamond_mine, abandoned_shop, uniq_donald
Elf:1:    layout_loops_ring, kennysheep_underground_church,
          hangedman_research_thanatology

Skill      XL: |  1  2  3  4  5  6  7  8  9 10 11 12 13 14 15 16 17 18 |
---------------+-------------------------------------------------------+-----
Fighting       | 4 5 6 7 8 10 11 13 14 16 17 18 20 21 | 21.2
Axes           | 4 5 6 8 9 10 12 13 15 16 18 20 21 | 21.5
Armour         | 3 4 6 7 9 11 12 13 14 16 17 18 19 20 | 20.4
Dodging        | 3 4 5 |  5.2
Shields        | 1 3 4 5 6 8 9 10 11 13 | 13.0
Evocations     | 1 |  1.3
Stealth        | 1 2 |  2.2

Action                   |  1- 3 |  4- 6 |  7- 9 | 10-12 | 13-15 | 16-18 || total
-------------------------+-------+-------+-------+-------+-------+-------++-------
Melee: Hand axe          |    73 |   111 |   266 |   329 |       |       ||   779
       Headbutt          |    13 |    21 |    60 |   126 |   199 |   321 ||   740
       Broad axe         |       |       |       |   138 |   350 |   554 ||  1042
       Executioner's axe |       |       |       |       |   515 |   471 ||   986
Invok: Berserk           |       |     3 |     6 |     9 |    11 |     9 ||    38
       Brothers in Arms  |       |       |       |     3 |     2 |     8 ||    13
       Trog's Hand       |       |       |       |       |       |     5 ||     5
Evoke: Wand              |       |       |       |     6 |       |     3 ||     9
  Use: Scroll            |       |     4 |     3 |     8 |     9 |     4 ||    28
       Potion            |       |       |       |       |     1 |     8 ||     9
 Stab: Petrified         |       |       |       |       |     1 |     1 ||     2
       Held in net/web   |       |       |       |       |       |     3 ||     3
       Petrifying        |       |       |       |       |       |     1 ||     1
Armor: Ring mail         |    24 |       |       |       |       |       ||    24
       Chain mail        |       |    67 |   115 |       |       |       ||   182
       Plate armour      |       |       |    19 |   309 |   752 |   882 ||  1962
Dodge: Dodged            |    45 |    27 |    61 |   147 |   439 |   514 ||  1233
       Repelled          |       |       |       |       |       |     5 ||     5
Block: Kite shield       |       |    36 |   108 |   249 |   168 |   561 ||  1122
       Reflection        |       |       |       |       |       |    62 ||    62

Table legend: (Time is in decaauts)
 A = Elapsed time spent in this place.
 B = Non-inter-level travel time spent in this place.
 C = Inter-level travel time spent in this place.
 D = Time resting spent in this place.
 E = Time spent auto-exploring this place.
 F = Levels seen in this place.
 G = Mean time per level.
                   A        B        C        D        E       F      G
               +--------+--------+--------+--------+--------+-----+--------+
         Total |  35539 |  32885 |   2654 |   3448 |  22868 |  34 | 1045.3 |
       Dungeon |  14709 |  13636 |   1073 |   1002 |  10134 |  15 |  980.6 |
          Lair |   6839 |   6173 |    666 |    436 |   4545 |   6 | 1139.8 |
        Shoals |   6274 |   6043 |    231 |   1445 |   3586 |   4 | 1568.5 |
   Spider Nest |   4325 |   3890 |    435 |    377 |   2463 |   4 | 1081.2 |
  Orcish Mines |   1941 |   1695 |    246 |    162 |   1114 |   2 |  970.5 |
   Elven Halls |    837 |    837 |      0 |      0 |    655 |   1 |  837.0 |
        Bazaar |    218 |    218 |      0 |      0 |    183 |   1 |  218.0 |
      Gauntlet |    392 |    392 |      0 |     25 |    186 |   1 |  392.0 |
               +--------+--------+--------+--------+--------+-----+--------+

Top non-repeatable levels by time:
Shoals:4: 2039 daAuts
Shoals:3: 1895 daAuts
    D:11: 1636 daAuts
     D:5: 1631 daAuts
Shoals:2: 1453 daAuts
  Lair:6: 1427 daAuts
   Orc:2: 1349 daAuts
Spider:4: 1331 daAuts
Spider:3: 1299 daAuts
  Lair:4: 1287 daAuts
     D:7: 1247 daAuts
  Lair:5: 1155 daAuts
  Lair:3: 1082 daAuts
Spider:2: 1081 daAuts
     D:1: 1006 daAuts
